 Dungeon Crawl Stone Soup version 0.25-a0-102-gbfa96ce22d (webtiles) character file.

Game seed: 9521796920916019213, levelgen mode: deterministic

25 vurker the Magician (level 2, 0/20 HPs)
             Began as a Mummy Fire Elementalist on Nov 15, 2019.
             Slain by an adder (2 damage)
             ... on level 2 of the Dungeon.
             The game lasted 00:01:29 (906 turns).

vurker the Magician (Mummy Fire Elementalist)        Turns: 906, Time: 00:01:30

Health: 0/20       AC:  2    Str: 11    XL:     2   Next: 86%
Magic:  0/6        EV: 12    Int: 14    God:
Gold:   24         SH:  0    Dex: 12    Spells: 6/7 levels left

rFire    x . .     SeeInvis .   (no weapon)
rCold    + . .     Gourm    .   (no shield)
rNeg     + + +     Faith    .   a - +0 robe
rPois    ∞         Spirit   .   (no helmet)
rElec    .         Reflect  .   (no cloak)
rCorr    .         Harm     .   (no gloves)
MR       .....                  (no boots)
Stlth    ++........             (no amulet)
HPRegen  0.06/turn              (no ring)
MPRegen  0.10/turn              (no ring)

@: no status effects
A: no food or potions, fire vulnerability, cold resistance 1, negative energy
resistance 3, torment resistance, unbreathing
a: no special abilities


You were on level 2 of the Dungeon.
You were not hungry.

You visited 1 branch of the dungeon, and saw 2 of its levels.

You collected 24 gold pieces.

Inventory:

Armour
 a - a +0 robe (worn)
Scrolls
 b - a scroll of fear
 c - a scroll of identify
 d - a scroll of immolation


   Skills:
 + Level 0.4 Fighting
 - Level 1.5 Dodging
 - Level 1.5 Stealth
 * Level 3.2 Spellcasting
 * Level 1.4 Conjurations
 * Level 2.7 Fire Magic


You had 6 spell levels left.
You knew the following spells:

 Your Spells              Type           Power        Failure   Level  Hunger
a - Flame Tongue          Conj/Fire      #....        9%          1    N/A

Your spell library contained the following spells:

 Spells                   Type           Power        Failure   Level  Hunger
 Throw Flame              Conj/Fire      #.....       14%         2    N/A
 Conjure Flame            Conj/Fire      #.......     26%         3    N/A
 Inner Flame              Hex/Fire       #.......     34%         3    N/A
 Sticky Flame             Conj/Fire      #.......     65%         4    N/A
 Fireball                 Conj/Fire      #.........   94%         5    N/A

Dungeon Overview and Level Annotations

Branches:
Dungeon (2/15)

Altars:


Innate Abilities, Weirdness & Mutations

You do not eat or drink.
Your flesh is vulnerable to fire.
You are immune to poison.
Your flesh is cold resistant. (rC+)
You are immune to negative energy. (rN+++)
You are immune to unholy pain and torment.
You can survive without breathing.


Message History

There is a stone staircase leading up here.
d - a scroll labeled IPYSMY ALLAOT
As you read the scroll labeled UNKOXT MABBIO, it crumbles to dust.
It is a scroll of identify.
b - a scroll of fear
As you read the scroll of identify, it crumbles to dust.
d - a scroll of immolation
Found a scroll of identify.
c - a scroll of identify
Okay, then.
Found a stone staircase leading down.
Found 13 gold pieces.
There is a stone staircase leading down here.
Found a ration.
You now have 24 gold pieces (gained 13).
You open the door.
There is an open door here.
An adder and a rat come into view.
Aim: a rat (resting)
The flame tongue hits the rat!
You kill the rat!
You can't see any susceptible monsters within range! (Use Z to cast anyway.)
You can't see any susceptible monsters within range! (Use Z to cast anyway.)
The adder hisses angrily.
The adder is too close now for your liking.
Found a spear.
Aim: an adder The flame tongue hits the adder.
Aim: an adder (lightly wounded)
The flame tongue misses the adder.
The adder misses you.
Aim: an adder (lightly wounded)
The flame tongue misses the adder.
The adder bites you.
Aim: an adder (lightly wounded)
The flame tongue misses the adder.
The adder misses you.
Aim: an adder (lightly wounded)
The flame tongue hits the adder.
The adder bites you.
Aim: an adder (heavily wounded)
The flame tongue hits the adder.
The adder bites you. The adder barely misses you.
You don't have enough magic to cast that spell.
You closely miss the adder. The adder bites you.
You closely miss the adder. The adder bites you.
* * * LOW HITPOINT WARNING * * *
The adder bites you.
* * * LOW HITPOINT WARNING * * *
You hit the adder but do no damage. The adder bites you.
* * * LOW HITPOINT WARNING * * *
Aim: an adder (severely wounded)
The flame tongue hits the adder.
The adder bites you.
You die...

.). ....
##.... .#...
.#.# ...#
#######...#
##.....S...#
#......@...#
#.....#'##.#
#.....#.%#.#
########.#.#
#.#.# #...#
##..# #..#
#..#


You could see an adder.

Vanquished Creatures
  A dart slug (D:1)
  2 giant cockroaches (D:1)
  4 goblins (D:1)
  4 hobgoblins (D:1)
  2 kobolds (D:1)
  2 ball pythons (D:1)
  4 bats (D:1)
  A frilled lizard (D:1)
  3 rats
23 creatures vanquished.

Notes
Turn   | Place    | Note
-------+----------+-------------------------------------------
     0 | D:1      | vurker the Mummy Fire Elementalist began the quest for the
                  | Orb.
     0 | D:1      | Reached XP level 1. HP: 13/13 MP: 4/4
    97 | D:1      | Reached skill level 1 in Conjurations
   178 | D:1      | Reached skill level 3 in Spellcasting
   178 | D:1      | Reached XP level 2. HP: 19/19 MP: 3/6
   906 | D:2      | Slain by an adder

Levels and vault maps discovered:
D:1:      kennysheep_arrival_seaside, layout_rooms, hex_large
D:2:      layout_basic, gammafunk_temple_overflow_forgotten,
          minmay_misc_feat_hallway

Skill      XL: |  1 |
---------------+----+-----
Conjurations   | 1 |  1.4
Spellcasting   | 3 |  3.2
Fighting       | |  0.4
Dodging        | |  1.5
Stealth        | |  1.5
Fire Magic     | |  2.7

Action                   || total
-------------------------++-------
Melee: Unarmed           ||     4
 Cast: Flame Tongue      ||    40
  Use: Scroll            ||     2
Armor: Robe              ||     2
Dodge: Dodged            ||    12

Table legend:
 A = Non-vault XP
 B = Vault XP
 C = Vault XP percentage of total XP
 D = Non-vault monster count
 E = Vault monster count
 F = Vault count percentage of total count
                 A         B        C        D         E       F
            +---------+---------+-------+---------+---------+-------
      Total |      37 |       0 |   0.0 |      23 |       0 |   0.0
            +---------+---------+-------+---------+---------+-------
        D:1 |      36 |       0 |   0.0 |      22 |       0 |   0.0
        D:2 |       1 |       0 |   0.0 |       1 |       0 |   0.0
            +---------+---------+-------+---------+---------+-------
